 Dungeon Crawl Stone Soup version 0.26-a0-660-gc07710193c (webtiles) character file.

Game seed: 13716422536258725112

3193 Gargoyl the Fighter (level 9, -18/74 HPs)
             Began as a Gnoll Abyssal Knight on Oct 7, 2020.
             Was a High Priest of Lugonu.
             Blown up by Maggie (25 damage)
             ... with a disintegration bolt
             ... on level 7 of the Dungeon on Oct 8, 2020.
             The game lasted 00:09:13 (6277 turns).

Gargoyl the Fighter (Gnoll Abyssal Knight)          Turns: 6277, Time: 00:09:14

Health: -18/74     AC: 19    Str: 22    XL:     9   Next: 96%
Magic:  7/7        EV: 11    Int: 20    God:    Lugonu [*****.]
Gold:   458        SH:  0    Dex: 19    Spells: 17/17 levels left

rFire    . . .     SeeInvis .   r - +9 flail of Power {venom, Str+3 Int+6}
rCold    . . .     Faith    .   u - +0 buckler "Lopeamm" {MP-9 Dex+5} (curse)
rNeg     . . .     Spirit   .   c - +0 chain mail
rPois    .         Reflect  +   g - +1 helmet
rElec    .         Harm     .   (no cloak)
rCorr    .         Rampage  .   k - +2 pair of gloves
MR       .....                  d - +2 pair of boots
Stlth    ..........             q - amulet of reflection
HPRegen  0.22/turn              (no ring)
MPRegen  0.10/turn              (no ring)

@: confused, mesmerised
A: distributed training, fangs 1, strong nose
a: Depart the Abyss, Bend Space, Banish, Corrupt, Enter the Abyss, Renounce
Religion


You were on level 7 of the Dungeon.
You worshipped Lugonu.
Lugonu was extremely pleased with you.
You visited 1 branch of the dungeon, and saw 8 of its levels.
You visited the Abyss 1 time.

You collected 458 gold pieces.

Inventory:

Hand Weapons
 a - a +1 hand axe
 r - the +9 flail of Power (weapon) {venom, Str+3 Int+6}
   (You found it on level 4 of the Dungeon)

   It poisons the flesh of those it strikes.
   It affects your strength (+3).
   It affects your intelligence (+6).
Armour
 c - a +0 chain mail (worn)
 d - a +2 pair of boots (worn)
 g - a +1 helmet (worn)
 k - a +2 pair of gloves (worn)
 u - the cursed +0 buckler "Lopeamm" (worn) {MP-9 Dex+5}
   (You found it on level 8 of the Dungeon)

   It affects your dexterity (+5).
   It affects your magic capacity (-9).
   It has a curse placed upon it.
Jewellery
 q - an amulet of reflection (around neck)
Scrolls
 m - a scroll of teleportation
 v - a scroll of identify
Potions
 b - a potion of flight {unknown}
 e - 4 potions of stabbing {unknown}
 h - 4 potions of brilliance {unknown}
 i - 5 potions of curing {unknown}
 j - 5 potions of heal wounds {unknown}
 l - a potion of lignification {unknown}
 n - a potion of berserk rage {unknown}
 o - 2 potions of degeneration {unknown}
 p - a potion of mutation {unknown}
 s - a potion of magic {unknown}


   Skills:
 + Level 8.2 Fighting
 + Level 4.7 Short Blades
 + Level 4.7 Long Blades
 + Level 6.6 Axes
 + Level 4.7 Maces & Flails
 + Level 4.7 Polearms
 + Level 4.7 Staves
 + Level 4.7 Slings
 + Level 4.7 Bows
 + Level 4.7 Crossbows
 + Level 4.7 Throwing
 + Level 6.6 Armour
 + Level 5.4 Dodging
 + Level 4.7 Stealth
 + Level 4.7 Shields
 + Level 4.7 Unarmed Combat
 + Level 4.7 Spellcasting
 + Level 3.9 Conjurations
 + Level 3.9 Hexes
 + Level 3.9 Summonings
 + Level 3.9 Necromancy
 + Level 3.9 Translocations
 + Level 3.9 Transmutations
 + Level 3.9 Fire Magic
 + Level 3.9 Ice Magic
 + Level 3.9 Air Magic
 + Level 3.9 Earth Magic
 + Level 3.9 Poison Magic
 + Level 7.0 Invocations
 + Level 4.7 Evocations


You had 17 spell levels left.
You didn't know any spells.
Your spell library contained the following spells:

 Spells                   Type           Power        Failure   Level
 Corona                   Hex            ###....      17%         1
 Slow                     Hex            ###.....     26%         2
 Inner Flame              Hex/Fire       ###.....     45%         3
 Portal Projectile        Hex/Tloc       ###...       45%         3
 Cause Fear               Hex            ###.......   86%         4
 Leda's Liquefaction      Hex/Erth       ###.......   86%         4


Dungeon Overview and Level Annotations

Branches:
Dungeon (8/15)             Temple (0/1) D:5
   Lair: D:8-11

Altars:
Ashenzari
Elyvilon
Fedhas
Kikubaaqudgha
Nemelex Xobeh
Trog
Uskayaw
Wu Jian
Xom
Zin
The Shining One

Shops:
D:8 *

Annotations:
D:7 Maggie


Innate Abilities, Weirdness & Mutations

Your experience applies equally to all skills.
You have very sharp teeth.
Your uncanny sense of smell can sniff out nearby items.


Message History

You closely miss Maggie.
Maggie is heavily wounded.
You feel less invigorated.
You feel less confused. Maggie barely misses you.
You barely miss Maggie. You bite Maggie, but do no damage.
Maggie is heavily wounded.
You sock Maggie!
Maggie is almost dead.
Maggie zaps a wand.
You are blasted!
* * * LOW HITPOINT WARNING * * *
You block Maggie's attack.
You hit Maggie but do no damage.
Maggie looks as sick as possible!
Maggie is almost dead.
Unknown command.
You are confused.
You feel invigorated.
Maggie zaps a wand.
You are blasted!
* * * LOW HITPOINT WARNING * * *
Maggie zaps a wand.
You are blasted!
You die...

#..## #.## #.# ##.# #+#
#..# #.# #### #.## #.#
#..<## #.# ##.##.....##
#.# ### ##..........#
#.# ##.## #....@.......
#.###§§§####...@......#
#..§§§§§§####.##.....##
#####§§§§§..........##
##§############## ###


You could see Maggie (mesmerising, extremely poisoned).

Vanquished Creatures
  Pikel (D:6)
  3 orc warriors (D:6)
  An ice beast (D:7)
  2 eyes of draining (D:5)
  3 sky beasts
  A phantom (D:7)
  2 ogres
  A lemure (D:6)
  3 bullfrogs (D:7)
  2 scorpions
  2 water moccasin skeletons
  3 wights (D:7)
  2 howler monkeys (D:6)
  A bullfrog zombie (D:5)
  4 hounds
  7 orc wizards
  A bullfrog skeleton (D:7)
  6 orc priests
  A jelly (D:6)
  5 worker ants
  9 gnolls
  6 adders
  A shadow imp (D:5)
  A white imp (D:6)
  An ufetubus (D:6)
  2 adder zombies (D:6)
  4 worms
  2 dart slugs
  5 leopard geckos
  40 orcs
  3 ball pythons
  5 bats
  7 giant cockroaches
  14 goblins
  10 hobgoblins
  19 jackals
  4 quokkas
  2 frilled lizards
  5 kobolds
  6 rats
197 creatures vanquished.

Notes
Turn   | Place    | Note
-------+----------+-------------------------------------------
     0 | Abyss:1  | Gargoyl the Gnoll Abyssal Knight began the quest for the
                  | Orb.
     0 | Abyss:1  | Reached XP level 1. HP: 23/23 MP: 3/3
    94 | Abyss:1  | Noticed a smoke demon
    95 | D:1      | Escaped the Abyss
   482 | D:1      | Reached XP level 2. HP: 29/29 MP: 5/5
   487 | D:1      | Reached * piety under Lugonu
  1196 | D:2      | Reached XP level 3. HP: 32/35 MP: 6/6
  1565 | D:2      | Found a broken altar of Ashenzari.
  1578 | D:2      | Found a blossoming altar of Fedhas.
  1579 | D:2      | Found an ancient bone altar of Kikubaaqudgha.
  1674 | D:2      | Reached skill level 1 in Short Blades
  1674 | D:2      | Reached skill level 1 in Long Blades
  1674 | D:2      | Reached skill level 1 in Maces & Flails
  1674 | D:2      | Reached skill level 1 in Polearms
  1674 | D:2      | Reached skill level 1 in Staves
  1674 | D:2      | Reached skill level 1 in Slings
  1674 | D:2      | Reached skill level 1 in Bows
  1674 | D:2      | Reached skill level 1 in Crossbows
  1674 | D:2      | Reached skill level 1 in Throwing
  1674 | D:2      | Reached skill level 1 in Stealth
  1674 | D:2      | Reached skill level 1 in Shields
  1674 | D:2      | Reached skill level 1 in Unarmed Combat
  1674 | D:2      | Reached skill level 1 in Spellcasting
  1674 | D:2      | Reached skill level 1 in Evocations
  1674 | D:2      | Reached XP level 4. HP: 15/41 MP: 7/7
  1978 | D:2      | Reached ** piety under Lugonu
  1978 | D:2      | Reached skill level 1 in Conjurations
  1978 | D:2      | Reached skill level 1 in Hexes
  1978 | D:2      | Reached skill level 1 in Summonings
  1978 | D:2      | Reached skill level 1 in Necromancy
  1978 | D:2      | Reached skill level 1 in Translocations
  1978 | D:2      | Reached skill level 1 in Transmutations
  1978 | D:2      | Reached skill level 1 in Fire Magic
  1978 | D:2      | Reached skill level 1 in Ice Magic
  1978 | D:2      | Reached skill level 1 in Air Magic
  1978 | D:2      | Reached skill level 1 in Earth Magic
  1978 | D:2      | Reached skill level 1 in Poison Magic
  2242 | D:3      | Found an ornate altar of the Wu Jian Council.
  2334 | D:3      | Reached XP level 5. HP: 40/47 MP: 8/8
  2464 | D:3      | Found a white marble altar of Elyvilon.
  2542 | D:3      | Noticed an ogre
  2564 | D:3      | Killed an ogre
  2564 | D:3      | Reached skill level 5 in Invocations
  2564 | D:3      | Reached XP level 6. HP: 49/53 MP: 9/9
  2836 | D:4      | Found the +7 sceptre of Torment {pain, torment}
  2869 | D:4      | Reached skill level 5 in Axes
  2869 | D:4      | Reached skill level 5 in Armour
  2996 | D:4      | Reached *** piety under Lugonu
  3052 | D:4      | Found a glowing golden altar of the Shining One.
  3127 | D:4      | Reached XP level 7. HP: 56/59 MP: 10/10
  3523 | D:4      | Found a glowing silver altar of Zin.
  3525 | D:4      | Got an iridescent flail
  3630 | D:4      | Reached skill level 7 in Fighting
  3927 | D:5      | Entered Level 5 of the Dungeon
  4030 | D:5      | Identified the +9 flail of Power {venom, Str+3 Int+6} (You
                  | found it on level 4 of the Dungeon)
  4055 | D:5      | Found a hide-covered altar of Uskayaw.
  4159 | D:5      | Found a staircase to the Ecumenical Temple.
  4433 | D:5      | Found a shimmering altar of Xom.
  4535 | D:5      | Found a bloodstained altar of Trog.
  4540 | D:5      | Reached XP level 8. HP: 62/67 MP: 3/12
  4854 | D:6      | Noticed Pikel
  4872 | D:6      | Killed Pikel
  4898 | D:6      | Reached **** piety under Lugonu
  5019 | D:6      | Reached XP level 9. HP: 49/73 MP: 14/14
  5483 | D:6      | Reached skill level 5 in Dodging
  5497 | D:6      | You fall into a shaft and drop 2 floors!
  5497 | D:8      | Found Qupublir's Assorted Antiques.
  5505 | D:8      | Got a masterwork buckler
  5514 | D:8      | Reached ***** piety under Lugonu
  5574 | D:8      | Identified the cursed +0 buckler "Lopeamm" {MP-9 Dex+5}
                  | (You found it on level 8 of the Dungeon)
  5716 | D:7      | Reached skill level 8 in Fighting
  6031 | D:7      | Found a sparkling altar of Nemelex Xobeh.
  6254 | D:7      | Noticed Maggie
  6276 | D:7      | HP: 2/74 [disintegration (14)]
  6277 | D:7      | Blown up by Maggie

Illustrated notes

Levels and vault maps discovered:
D:1:      sevenhm_arrival_forest_fort_large_4, layout_loops_ring
D:2:      layout_basic, grunt_temple_overflow_growth_and_decay,
          overflow_temple_1_default, serial_corexii_hall,
          corexii_hall_statues_i, chequers_hall_statues_wall_a,
          corexii_hall_statues_t
D:3:      layout_rooms, lemuel_crystal_altar, elyvilon_altar_1,
          kennysheep_crisscross, chequers_serial_rivers_room_b,
          minmay_ogre_servants
D:4:      kennysheep_spiral_hall, layout_basic, lemuel_coloured_pillars_altar,
          old_standard_altar, minmay_door_square
D:5:      layout_loops_cross, old_standard_altar, trog_eyes_of_draining,
          temple_pool_b, tgw_xom
D:6:      minmay_thick_lines, layout_cave_pools, gup_sewer_entry_bubbles,
          uniq_pikel
D:7:      layout_loops_corners, lemuel_round_altar, minmay_misc_feat_roman,
          uniq_maggie
D:8:      layout_gridville, lemuel_crystal_altar, kennysheep_mini, serial_shops,
          kennysheep_mini_moat, shop, okawaru_gym_becter

Skill      XL: |  1  2  3  4  5  6  7  8  9 |
---------------+----------------------------+-----
Short Blades   | 1 2 3 4 |  4.7
Long Blades    | 1 2 3 4 |  4.7
Maces & Flails | 1 2 3 4 |  4.7
Polearms       | 1 2 3 4 |  4.7
Staves         | 1 2 3 4 |  4.7
Slings         | 1 2 3 4 |  4.7
Bows           | 1 2 3 4 |  4.7
Crossbows      | 1 2 3 4 |  4.7
Throwing       | 1 2 3 4 |  4.7
Stealth        | 1 2 3 4 |  4.7
Shields        | 1 2 3 4 |  4.7
Unarmed Combat | 1 2 3 4 |  4.7
Spellcasting   | 1 2 3 4 |  4.7
Evocations     | 1 2 3 4 |  4.7
Conjurations   | 1 2 3 |  3.9
Hexes          | 1 2 3 |  3.9
Summonings     | 1 2 3 |  3.9
Necromancy     | 1 2 3 |  3.9
Translocations | 1 2 3 |  3.9
Transmutations | 1 2 3 |  3.9
Fire Magic     | 1 2 3 |  3.9
Ice Magic      | 1 2 3 |  3.9
Air Magic      | 1 2 3 |  3.9
Earth Magic    | 1 2 3 |  3.9
Poison Magic   | 1 2 3 |  3.9
Dodging        | 3 4 5 |  5.4
Invocations    | 5 6 7 |  7.0
Axes           | 5 6 |  6.6
Armour         | 5 6 |  6.6
Fighting       | 7 8 |  8.2

Action                   |  1- 3 |  4- 6 |  7- 9 || total
-------------------------+-------+-------+-------++-------
Melee: Hand axe          |    83 |   143 |       ||   226
       Bite              |     5 |    27 |    36 ||    68
       Punch             |     1 |     1 |     8 ||    10
       Eveningstar       |       |    16 |    32 ||    48
       Flail             |       |       |   245 ||   245
Invok: Depart the Abyss  |     1 |       |       ||     1
  Use: Scroll            |     5 |     1 |    10 ||    16
       Potion            |     1 |       |     2 ||     3
Armor: Chain mail        |    80 |    89 |   139 ||   308
       Ring mail         |       |       |    10 ||    10
Dodge: Dodged            |    44 |    77 |   166 ||   287
Block: Other             |       |       |    39 ||    39
       Buckler           |       |       |    59 ||    59

Table legend: (Time is in decaauts)
 A = Elapsed time spent in this place.
 B = Non-inter-level travel time spent in this place.
 C = Inter-level travel time spent in this place.
 D = Time resting spent in this place.
 E = Time spent auto-exploring this place.
 F = Levels seen in this place.
 G = Mean time per level.
                   A        B        C        D        E       F      G
               +--------+--------+--------+--------+--------+-----+--------+
         Total |   6368 |   6194 |    174 |    297 |   4509 |   9 |  707.6 |
       Dungeon |   6273 |   6099 |    174 |    297 |   4440 |   8 |  784.1 |
         Abyss |     95 |     95 |      0 |      0 |     69 |   1 |   95.0 |
               +--------+--------+--------+--------+--------+-----+--------+

Top non-repeatable levels by time:
     D:4: 1147 daAuts
     D:1: 1088 daAuts
     D:2: 907 daAuts
     D:5: 827 daAuts
     D:6: 780 daAuts
     D:3: 721 daAuts
     D:7: 713 daAuts
 Abyss:1: 95 daAuts
     D:8: 87 daAuts
